 Dungeon Crawl Stone Soup version 0.22.1-1-ga44c0e5 (webtiles) character file.

103745 Laphicet the Cleaver (level 16, -2/129 HPs)
             Began as a Formicid Fighter on Sept 25, 2018.
             Was the Champion of the Shining One.
             Slain by a two-headed ogre
             ... wielding a +0 giant club
              (14 damage)
             ... on level 15 of the Dungeon on Sept 26, 2018.
             The game lasted 00:53:04 (33687 turns).

Laphicet the Cleaver (Formicid Fighter)            Turns: 33687, Time: 00:53:05

Health: -2/129     AC: 17    Str: 22    XL:     16   Next: 90%
Magic:  23/25      EV: 14    Int:  6    God:    the Shining One [******]
Gold:   803        SH: 33    Dex: 17    Spells: 15/15 levels left

rFire    + + +     SeeInvis +   z - +9 war axe "Jybroitu" {venom, +Fly rC+++ Int-4}
rCold    + + +     Gourm    .   u - +2 large shield
rNeg     + + +     Faith    .   R - +1 chain mail {rPois}
rPois    +         Spirit   .   (helmet unavailable)
rElec    +         Reflect  .   e - scarf {rC+ rF+}
rCorr    .         Harm     .   P - +2 pair of gloves "Eriezyck" {-Cast rC+ Dex+3}
MR       +....     NoCast   +   (no boots)
Stlth    ..........             S - amulet of the acrobat
HPRegen  0.31/turn              y - ring of Anarchy {Fire rElec}
MPRegen  0.19/turn              g - ring of protection from fire

@: divine shield, glowing
A: permanent stasis, dig shafts and tunnels, four strong arms, antennae 3
a: Dig, Shaft Self, Divine Shield, Cleansing Flame, Summon Divine Warrior, Brand
Weapon With Holy Wrath, Renounce Religion, Evoke Flight


You were on level 15 of the Dungeon.
You worshipped the Shining One.
The Shining One was exalted by your worship.
You were very hungry.

You visited 4 branches of the dungeon, and saw 24 of its levels.
You also visited: Labyrinth and Sewer.

You collected 2670 gold pieces.
You spent 1867 gold pieces at shops.

Inventory:

Hand Weapons
 b - the +8 frozen axe "Frostbite" {freezing cloud, *Noise +Fly rC+}
   (You bought it in a shop on level 8 of the Dungeon)

   It has been specially enchanted to freeze those struck by it, causing extra
   injury to most foes and up to half again as much damage against particularly
   susceptible opponents.
   It can also slow down cold-blooded creatures.
   It protects you from cold.
   It lets you fly.
   It may make noises in combat.
 z - the +9 war axe "Jybroitu" (weapon) {venom, +Fly rC+++ Int-4}
   (You took it off a crimson imp on level 6 of the Dungeon)

   It poisons the flesh of those it strikes.
   It affects your intelligence (-4).
   It renders you almost immune to cold.
   It lets you fly.
 Q - the +7 falchion of Karma {flame, rF+}
   (You took it off a minotaur in a labyrinth)

   It has been specially enchanted to burn those struck by it, causing extra
   injury to most foes and up to half again as much damage against particularly
   susceptible opponents.
   Big, fiery blades are also staple armaments of hydra-hunters.
   It protects you from fire.
Armour
 e - a scarf of resistance (worn)
 u - a +2 large shield (worn)
 v - a +2 pair of gloves
 P - the +2 pair of gloves "Eriezyck" (worn) {-Cast rC+ Dex+3}
   (You acquired it on level 6 of the Lair of Beasts)

   It affects your dexterity (+3).
   It protects you from cold.
   It prevents spellcasting.
 R - a +1 chain mail of poison resistance (worn)
Jewellery
 g - a ring of protection from fire (right hand)
 i - a +2 ring of dexterity {unknown}
 y - the ring of Anarchy (left hand) {Fire rElec}
   (You found it on level 12 of the Dungeon)

   [ring of fire]

   It enhances your fire magic.
   It protects you from fire.
   It makes you vulnerable to cold.
   It insulates you from electricity.
 B - a +5 ring of strength
 S - an amulet of the acrobat (around neck)
Wands
 o - a wand of flame (35)
 t - a wand of polymorph (18)
 x - a wand of scattershot (7)
 A - a wand of acid (11)
 F - a wand of disintegration (32)
 J - a wand of iceblast (12)
 K - a wand of enslavement (27)
 N - a wand of digging (37)
 T - a wand of paralysis (21)
Scrolls
 a - 2 scrolls of amnesia
 c - 5 scrolls of fear
 l - 5 scrolls of remove curse
 q - 2 scrolls of silence
 E - 4 scrolls of vulnerability
 G - a scroll of immolation
 I - 3 scrolls of enchant weapon
 L - 2 scrolls of holy word
 M - 2 scrolls of fog
 O - 2 scrolls of magic mapping
 U - 3 scrolls of identify
Potions
 j - 3 potions of flight
 k - 17 potions of curing
 m - 4 potions of heal wounds
 n - 2 potions of resistance
 r - 2 potions of cancellation
 s - 5 potions of brilliance
 w - a potion of magic
 C - 4 potions of ambrosia
 D - 2 potions of lignification
 H - 6 potions of mutation
Miscellaneous
 h - a box of beasts
Comestibles
 f - 36 rations


   Skills:
 + Level 12.7 Fighting
 - Level 4.9 Long Blades
 * Level 13.9 Axes
 + Level 12.6 Armour
 + Level 10.4 Dodging
 + Level 13.5 Shields
 + Level 12.8 Invocations


You had 15 spell levels left.
You didn't know any spells.
Your spell library contained the following spells:

 Spells                   Type           Power        Failure   Level  Hunger
 Animate Skeleton         Necr           N/A          98%         1    ##.....
 Flame Tongue             Conj/Fire      #....        98%         1    ##.....
 Magic Dart               Conj           #...         98%         1    ##.....
 Pain                     Necr           #...         98%         1    ##.....
 Summon Butterflies       Summ           #.......     98%         1    ##.....
 Summon Small Mammal      Summ           #...         98%         1    ##.....
 Call Imp                 Summ           #.......     99%         2    ###....
 Corpse Rot               Necr           N/A          99%         2    ###....
 Poisonous Vapours        Pois/Air       #.....       99%         2    ###....
 Slow                     Hex            #.......     99%         2    ###....
 Sublimation of Blood     Necr           #.........   99%         2    ###....
 Throw Flame              Conj/Fire      #.....       99%         2    ###....
 Call Canine Familiar     Summ           #.......     100%        3    ####...
 Conjure Flame            Conj/Fire      #.......     100%        3    ####...
 Inner Flame              Hex/Fire       #.......     100%        3    ####...
 Mephitic Cloud           Conj/Pois/Air  #.......     100%        3    ####...
 Regeneration             Chrm/Necr      #.........   100%        3    ####...
 Summon Guardian Golem    Hex/Summ       #.......     100%        3    ####...
 Vampiric Draining        Necr           #.........   100%        3    ####...
 Animate Dead             Necr           N/A          100%        4    #####..
 Cause Fear               Hex            #.........   100%        4    #####..
 Sticky Flame             Conj/Fire      #.......     100%        4    #####..
 Summon Ice Beast         Ice/Summ       #.......     100%        4    #####..
 Summon Lightning Spire   Summ/Air       #.......     100%        4    #####..
 Agony                    Necr           #.......     100%        5    ######.
 Bolt of Draining         Conj/Necr      #.........   100%        5    ######.
 Bolt of Magma            Conj/Fire/Erth #.........   100%        5    ######.
 Dispel Undead            Necr           #.......     100%        5    ######.
 Excruciating Wounds      Chrm/Necr      #.........   100%        5    ######.
 Fireball                 Conj/Fire      #.........   100%        5    ######.
 Lee's Rapid Deconstruct  Erth           #.........   100%        5    ######.
 Silence                  Hex/Air        #.........   100%        5    ######.
 Summon Mana Viper        Hex/Summ       #.......     100%        5    ######.
 Yara's Violent Unravell  Hex/Tmut       #.........   100%        5    ######.
 Deflect Missiles         Chrm/Air       #.........   100%        6    #######
 Freezing Cloud           Conj/Ice/Air   #.........   100%        6    #######
 Simulacrum               Ice/Necr       #.........   100%        6    #######
 Ring of Flames           Chrm/Fire      #.........   100%        7    #######
 Summon Hydra             Summ           #.........   100%        7    #######
 Discord                  Hex            #.........   100%        8    #######
 Blink                    Tloc           Unusable     N/A         2    N/A

Dungeon Overview and Level Annotations

Branches:
Dungeon (15/15)            Temple (1/1) D:4            Lair (6/6) D:11
  Swamp (0/4) Lair:4       Spider (0/4) Lair:4        Slime (0/5) Lair:5
    Orc (2/2) D:11            Elf (0/3) Orc:2        Vaults (0/5) D:14
 Depths (0/5) D:15

Altars:
Ashenzari
Cheibriados
Dithmenos
Elyvilon
Fedhas
Gozag
Hepliaklqana
Kikubaaqudgha
Makhleb
Nemelex Xobeh
Okawaru
Qazlal
Ru
Sif Muna
Trog
Uskayaw
Vehumet
Wu Jian
Xom
Yredelemnul
Zin
The Shining One
Beogh

Shops:
D:4 [   D:8 (   Orc:2 =}(!

Portals:
Trove: D:11 (give +4 storm dragon scales)

Annotations:
Lair:5 exclusion: 4 oklob plants


Innate Abilities, Weirdness & Mutations

You cannot be hasted, slowed, berserked, paralysed or teleported.
You can dig through walls and to a lower floor.
Your four strong arms can wield two-handed weapons with a shield.
You have a pair of large antennae on your head. (SInv)


Message History

The two-headed ogre hits you with a giant spiked club.
You slash the two-headed ogre!
The two-headed ogre looks as sick as possible!
The two-headed ogre is almost dead.
You block the two-headed ogre's attack.
The two-headed ogre hits you with a giant spiked club!
You slice the two-headed ogre!!
You kill the two-headed ogre!
The ogre mage casts a spell at you. The bolt of fire hits you! You resist.
You completely miss the two-headed ogre.
You block the two-headed ogre's attack. x2
The ogre mage mumbles some strange words.
The ogre mage blinks!
You hit the two-headed ogre.
The two-headed ogre is lightly wounded.
The ogre mage casts a spell.
The ogre mage blinks!
You block the two-headed ogre's attack.
The two-headed ogre hits you with a giant spiked club!
You die...

.♣...♣...########
#.#.#.#.#........
...♣...♣.........
.#.#.#.####..###
♣...♣)..# #.#
#.#.#.#.## #.##
...♣...♣.####..#
.#.#.#.##...#.###
♣...♣...)....{#@#
#.#.#.#.#....ZOO##
...♣...♣.§8.8.8.#
#.#.#.#.....)...#
#####.........8.#
#.......)...#
##....8.....#
#...........#
#...........#


You could see 2 two-headed ogres and a centaur warrior skeleton.

Vanquished Creatures
  Frances (D:12)
  Agnes (D:14)
  Gastronok (D:8)
  2 orc warlords
  A stone giant (Orc:2)
  A minotaur (Lab)
  Azrael (D:15)
  Snorg (D:14)
  Josephine (Orc:2)
  11 hydras
  Fannar (Lair:3)
  2 catoblepae
  5 centaur warriors
  12 two-headed ogres
  2 death knights
  Urug (Orc:1)
  2 tengu warriors
  2 skeletal warriors (D:15)
  A spark wasp zombie (D:15)
  2 unseen horrors
  7 orc knights
  A phantasmal warrior (D:15)
  Pikel (D:6)
  A lindwurm (Lair:5)
  2 wolf spiders (Lair:6)
  A necromancer (D:15)
  A wizard (D:14)
  An ugly thing (D:12)
  2 deep elf magi
  2 manticores
  6 cyclopes
  A frost giant zombie (D:15)
  A moth of wrath (shapeshifter) (D:15)
  Maurice (D:8)
  A guardian serpent (Lair:6)
  9 black mambas
  16 spiny frogs
  2 rime drakes
  2 kobold demonologists (D:13)
  A gargoyle (D:13)
  A redback zombie (D:15)
  9 komodo dragons
  7 trolls
  10 polar bears
  4 tengu conjurers
  Prince Ribbit (D:7)
  4 raiju (Lair:6)
  4 hornets
  11 hippogriffs
  A deep troll zombie (D:15)
  12 blink frogs
  A spriggan zombie (D:15)
  A meliai zombie (D:14)
  6 wraiths
  3 redbacks
  14 yaks
  Eustachio (D:5)
  15 wyverns
  4 fire elementals (D:15)
  8 wargs
  2 vampire mosquitoes (D:13)
  3 hungry ghosts (D:12)
  An acid dragon (D:13)
  18 water moccasins
  14 hell hounds
  11 porcupines
  5 ice beasts
  14 black bears
  2 necrophages
  53 orc warriors
  2 phantoms
  3 sky beasts
  2 eyes of draining
  18 wolves (Lair:6)
  15 ogres
  16 centaurs
  11 crocodiles
  Blork the orc (D:4)
  3 big kobolds
  20 bullfrogs
  A water moccasin zombie (D:11)
  6 scorpions
  14 killer bees
  18 wights
  3 electric eels
  3 howler monkeys
  3 crimson imps
  3 bullfrog zombies
  3 centaur zombies
  5 jellies
  18 orc priests
  5 hounds
  9 iguanas
  A bullfrog skeleton (D:10)
  5 centaur skeletons
  31 orc wizards
  Natasha (thrice) (D:3)
  12 worker ants
  2 hound zombies
  3 hound skeletons
  19 adders
  2 shadow imps
  7 oozes
  An adder zombie (D:10)
  4 worms (D:4)
  4 leopard geckos
  117 orcs
  5 ball pythons
  7 bats
  4 giant cockroaches
  11 goblins
  3 hobgoblins
  12 jackals
  4 quokkas
  10 frilled lizards
  A jackal skeleton (D:4)
  A jackal zombie (D:6)
  32 kobolds
  A leopard gecko skeleton (D:4)
  A quokka zombie (D:6)
  10 rats
  4 fungi
  19 plants
  4 withered plants (D:15)
872 creatures vanquished.

Vanquished Creatures (others)
  A yak (Lair:6)
  A vampire mosquito (D:13)
  An ogre (D:13)
  An orc priest (Orc:2)
  2 orcs (D:13)
  25 fungi
  21 plants
  A withered plant (D:15)
53 creatures vanquished.

Grand Total: 925 creatures vanquished

Notes
Turn   | Place    | Note
-------+----------+-------------------------------------------
     0 | D:1      | Laphicet the Formicid Fighter began the quest for the Orb.
     0 | D:1      | Reached XP level 1. HP: 18/18 MP: 1/1
   276 | D:1      | Reached XP level 2. HP: 23/24 MP: 2/2
   621 | D:1      | Reached XP level 3. HP: 29/29 MP: 3/3
  1172 | D:2      | Found a faded altar of an unknown god.
  1270 | D:2      | Reached skill level 1 in Dodging
  1278 | D:2      | Reached XP level 4. HP: 18/37 MP: 4/4
  1924 | D:3      | Noticed Natasha
  1931 | D:3      | Killed Natasha
  2335 | D:3      | Reached XP level 5. HP: 35/42 MP: 5/5
  2563 | D:3      | Noticed Natasha
  2588 | D:3      | Killed Natasha
  2594 | D:3      | Noticed Natasha
  2607 | D:3      | Killed Natasha
  2608 | D:3      | Found a bloodstained altar of Trog.
  3141 | D:4      | Reached XP level 6. HP: 43/48 MP: 6/6
  3301 | D:4      | Found a glowing drain.
  3320 | Sewer    | Entered a sewer
  4523 | D:4      | Found a staircase to the Ecumenical Temple.
  4537 | Temple   | Entered the Ecumenical Temple
  4696 | Temple   | Became a worshipper of the Shining One
  4730 | D:4      | Found an opulent altar of Gozag.
  4999 | D:4      | Noticed an ogre
  5005 | D:4      | Killed an ogre
  5228 | D:4      | Reached skill level 5 in Shields
  5228 | D:4      | Reached XP level 7. HP: 41/55 MP: 7/7
  5310 | D:4      | Noticed Blork the orc
  5324 | D:4      | Killed Blork the orc
  5324 | D:4      | Reached skill level 1 in Invocations
  5399 | D:4      | Found Kiebagum's Antique Armour Shop.
  5563 | D:5      | Entered Level 5 of the Dungeon
  5607 | D:5      | Found a deep blue altar of Sif Muna.
  6231 | D:5      | Reached skill level 5 in Fighting
  6507 | D:5      | Noticed Eustachio
  6548 | D:5      | Killed Eustachio
  6548 | D:5      | Reached skill level 5 in Armour
  6548 | D:5      | Reached XP level 8. HP: 32/62 MP: 9/9
  7485 | D:6      | Found an ancient bone altar of Kikubaaqudgha.
  7644 | D:6      | Reached * piety under the Shining One
  7779 | D:6      | Reached XP level 9. HP: 68/69 MP: 11/11
  8026 | D:6      | Got an encrusted war axe {venom}
  8053 | D:6      | Identified the +9 war axe "Jybroitu" {venom, +Fly rC+++
                  | Int-4} (You took it off a crimson imp on level 6 of the
                  | Dungeon)
  8206 | D:6      | Found a sacrificial altar of Ru.
  8446 | D:6      | Noticed Pikel
  8452 | D:6      | Killed Pikel
  8452 | D:6      | Reached skill level 1 in Axes
  8917 | D:7      | Noticed a hornet
  8921 | D:7      | Killed a hornet
  8921 | D:7      | Reached skill level 5 in Invocations
  9189 | D:7      | Noticed a hippogriff
  9194 | D:7      | Killed a hippogriff
  9194 | D:7      | Reached XP level 10. HP: 68/77 MP: 12/14
  9301 | D:7      | Found a shattered altar of Ashenzari.
  9415 | D:7      | Got a warped jade ring
  9628 | D:7      | Noticed Prince Ribbit
  9633 | D:7      | Killed Prince Ribbit
  9633 | D:7      | Reached skill level 5 in Dodging
  9917 | D:7      | Lost intelligence.
  9917 | D:7      | Identified the cursed ring "Rapt" {rF+ rC++ Int-4 Dex-3
                  | SInv} (You found it on level 7 of the Dungeon)
 10234 | D:8      | Noticed a two-headed ogre
 10302 | D:8      | Noticed a two-headed ogre
 10303 | D:8      | Noticed Maurice
 10426 | D:8      | Killed Maurice
 10562 | D:8      | Noticed Gastronok
 10581 | D:8      | Killed Gastronok
 10581 | D:8      | Reached skill level 5 in Axes
 10581 | D:8      | Reached XP level 11. HP: 40/86 MP: 15/15
 10863 | D:8      | Killed a two-headed ogre
 10905 | D:8      | Reached ** piety under the Shining One
 11062 | D:8      | Found Omakojej's Weapon Shop.
 11206 | D:8      | Killed a two-headed ogre
 11958 | D:9      | Noticed a two-headed ogre
 11966 | D:9      | Killed a two-headed ogre
 12275 | D:9      | Found a burning altar of Makhleb.
 12660 | D:9      | Found an opulent altar of Gozag.
 12661 | D:9      | Found a glowing silver altar of Zin.
 12955 | D:9      | Noticed a two-headed ogre
 12961 | D:9      | Killed a two-headed ogre
 13199 | D:10     | Entered Level 10 of the Dungeon
 13208 | D:10     | Found an ancient bone altar of Kikubaaqudgha.
 13572 | D:10     | Noticed an unseen horror
 13581 | D:10     | Killed an unseen horror
 13722 | D:10     | Reached XP level 12. HP: 94/94 MP: 17/17
 13886 | D:10     | Reached *** piety under the Shining One
 14226 | D:11     | Noticed a two-headed ogre
 14234 | D:11     | Killed a two-headed ogre
 14372 | D:11     | Noticed a five-headed hydra
 14414 | D:11     | Killed a five-headed hydra
 14927 | D:11     | Reached skill level 10 in Shields
 15283 | D:11     | Found a staircase to the Orcish Mines.
 15369 | D:11     | Found a roughly hewn altar of Beogh.
 15525 | D:11     | Found a portal to a secret trove of treasure.
 15653 | D:11     | Found a staircase to the Lair.
 15697 | Lair:1   | Entered Level 1 of the Lair of Beasts
 16506 | Lair:1   | Noticed a five-headed hydra
 16518 | Lair:1   | Killed a seven-headed hydra
 16765 | Lair:1   | You fall through a shaft!
 16777 | Lair:2   | Reached XP level 13. HP: 102/102 MP: 19/19
 17105 | Lair:2   | Noticed a six-headed hydra
 17132 | Lair:2   | Killed a six-headed hydra
 17872 | Lair:2   | Noticed an eight-headed hydra
 18382 | Lair:1   | Reached **** piety under the Shining One
 18448 | Lair:1   | Noticed an eight-headed hydra
 18462 | Lair:1   | Killed a nine-headed hydra
 18462 | Lair:1   | Reached skill level 10 in Fighting
 19393 | Lair:3   | Noticed a four-headed hydra
 19407 | Lair:3   | Killed a five-headed hydra
 19836 | Lair:3   | Reached skill level 10 in Armour
 19970 | Lair:3   | Noticed Fannar
 19985 | Lair:3   | Killed Fannar
 20163 | Lair:3   | Reached skill level 10 in Axes
 21122 | Lair:4   | Noticed a five-headed hydra
 21146 | Lair:4   | Killed a six-headed hydra
 21486 | Lair:4   | Reached skill level 10 in Invocations
 21665 | Lair:4   | Found a staircase to the Swamp.
 21805 | Lair:4   | Found a hole to the Spider Nest.
 22284 | Lair:5   | Noticed a seven-headed hydra
 22296 | Lair:5   | HP: 2/104 [nine-headed hydra (7)]
 22297 | Lair:5   | Killed a nine-headed hydra
 22800 | Lair:5   | Reached XP level 14. HP: 94/111 MP: 21/21
 22953 | Lair:5   | Found a staircase to the Slime Pits.
 23305 | Lair:6   | Entered Level 6 of the Lair of Beasts
 23319 | Lair:6   | Identified a scroll of acquirement
 23320 | Lair:6   | Got a pair of bloodstained gloves
 23331 | Lair:6   | Identified the +2 pair of gloves "Eriezyck" {-Cast rC+
                  | Dex+3} (You acquired it on level 6 of the Lair of Beasts)
 23612 | Lair:6   | Found a labyrinth entrance.
 23621 | Lab      | Entered a labyrinth
 24469 | Lab      | Noticed a minotaur
 24483 | Lab      | Killed a minotaur
 24647 | Lab      | Got a blackened falchion {flame}
 24648 | Lab      | Identified the +7 falchion of Karma {flame, rF+} (You took
                  | it off a minotaur in a labyrinth)
 24870 | Lair:6   | Identified Fauck's Almanac of the Congealing Rocks
 25769 | Lair:6   | Reached ***** piety under the Shining One
 25898 | Lair:6   | Reached XP level 15. HP: 62/119 MP: 23/23
 27034 | D:8      | Bought the +8 frozen axe "Frostbite" {freezing cloud,
                  | *Noise +Fly rC+} for 847 gold pieces
 27034 | D:8      | Found the +8 frozen axe "Frostbite" {freezing cloud, *Noise
                  | +Fly rC+}
 27132 | Orc:1    | Entered Level 1 of the Orcish Mines
 27163 | Orc:1    | Noticed an orc warlord
 27177 | Orc:1    | Killed an orc warlord
 27957 | Orc:2    | Entered Level 2 of the Orcish Mines
 28000 | Orc:2    | Noticed an orc warlord
 28044 | Orc:2    | Killed an orc warlord
 28321 | Orc:2    | Found a staircase to the Elven Halls.
 28374 | Orc:2    | Noticed a stone giant
 28391 | Orc:2    | Killed a stone giant
 28939 | Orc:2    | Noticed Josephine
 28950 | Orc:2    | Killed Josephine
 29105 | Orc:1    | Noticed Urug
 29115 | Orc:1    | Killed Urug
 29705 | Orc:2    | Found Pyophap's Gadget Boutique.
 29705 | Orc:2    | Found Cino's Weapon Emporium.
 29707 | Orc:2    | Found Viuw's Distillery.
 29709 | Orc:2    | Found Wete's Jewellery Shop.
 29726 | Orc:2    | Bought a potion of flight for 45 gold pieces
 29726 | Orc:2    | Bought a potion of heal wounds for 75 gold pieces
 29726 | Orc:2    | Bought a potion of heal wounds for 75 gold pieces
 29726 | Orc:2    | Bought a potion of curing for 45 gold pieces
 29726 | Orc:2    | Bought 2 potions of mutation for 240 gold pieces
 29726 | Orc:2    | Bought a potion of mutation for 120 gold pieces
 29726 | Orc:2    | Bought a potion of resistance for 150 gold pieces
 29726 | Orc:2    | Bought a potion of agility for 60 gold pieces
 29726 | Orc:2    | Bought a potion of cancellation for 120 gold pieces
 29726 | Orc:2    | Bought 2 potions of flight for 90 gold pieces
 30117 | D:12     | Reached ****** piety under the Shining One
 30333 | D:12     | Got a shimmering brass ring
 30378 | D:12     | Found a sacrificial altar of Ru.
 30480 | D:12     | Noticed Frances
 30504 | D:12     | Killed Frances
 30504 | D:12     | Reached XP level 16. HP: 88/127 MP: 14/25
 31003 | D:13     | Reached skill level 10 in Dodging
 31546 | D:13     | Identified the ring of Anarchy {Fire rElec} (You found it
                  | on level 12 of the Dungeon)
 31663 | D:14     | Noticed Snorg
 31671 | D:14     | Killed Snorg
 32257 | D:14     | Found a gate to the Vaults.
 32797 | D:15     | Entered Level 15 of the Dungeon
 32829 | D:15     | Noticed Agnes
 32852 | D:14     | Killed Agnes
 33239 | D:15     | Found a staircase to the Depths.
 33626 | D:15     | Noticed Azrael
 33649 | D:15     | Killed Azrael
 33687 | D:15     | Slain by a two-headed ogre

Skill      XL: |  1  2  3  4  5  6  7  8  9 10 11 12 13 14 15 16 |
---------------+-------------------------------------------------+-----
Shields        | 4 5 6 7 8 9 10 11 12 13 | 13.5
Dodging        | 1 2 3 4 5 6 7 8 9 10 | 10.4
Fighting       | 4 5 6 7 8 9 10 11 12 | 12.7
Armour         | 4 5 6 7 8 9 10 11 12 | 12.6
Long Blades    | 3 4 |  4.9
Invocations    | 2 3 5 6 7 9 10 11 12 | 12.8
Axes           | 2 5 7 9 10 11 13 | 13.9

Action                   |  1- 3 |  4- 6 |  7- 9 | 10-12 | 13-15 | 16-18 || total
-------------------------+-------+-------+-------+-------+-------+-------++-------
Melee: Long sword        |    87 |   502 |   243 |       |       |       ||   832
       War axe           |       |       |    42 |   395 |   908 |   353 ||  1698
       Spear             |       |       |       |    19 |    56 |       ||    75
       Falchion          |       |       |       |       |    22 |       ||    22
Invok: Divine Shield     |       |       |       |       |     7 |     4 ||    11
       Cleansing Flame   |       |       |       |       |     3 |     3 ||     6
 Abil: Dig               |       |     4 |       |     1 |    29 |     1 ||    35
Evoke: Wand              |       |       |       |    10 |       |       ||    10
  Use: Scroll            |       |     7 |     2 |    22 |    17 |     3 ||    51
       Potion            |       |     1 |     8 |     5 |    10 |     3 ||    27
  Eat: Chunk             |       |    13 |    13 |    16 |    35 |     8 ||    85
       Ration            |       |     1 |       |     2 |     5 |     1 ||     9
Armor: Scale mail        |    54 |   101 |    60 |    22 |       |       ||   237
       Skin              |       |       |    19 |       |       |       ||    19
       Chain mail        |       |       |       |    77 |   292 |    60 ||   429
Dodge: Dodged            |    52 |    91 |    71 |   105 |   420 |   107 ||   846
Block: Shield            |    61 |    87 |       |       |       |       ||   148
       Large shield      |       |   147 |   245 |   368 |  1339 |   380 ||  2479
       Rpst.: Long sword |    20 |    23 |    10 |       |       |       ||    53
       Falchion          |       |       |       |       |     5 |       ||     5
